 Dungeon Crawl Stone Soup version 0.27-a0-909-g0721f309d1 (webtiles) character file.

Game seed: 7088944271356847134

93 robertstho the Covered (level 4, -23/42 HPs)
             Began as a Deep Dwarf Fighter on Apr 8, 2021.
             Blown up by Ijyb (30 damage)
             ... with a mindburst bolt
             ... on level 3 of the Dungeon.
             The game lasted 00:02:32 (1408 turns).

robertstho the Covered (Deep Dwarf Fighter)         Turns: 1408, Time: 00:02:33

Health: -23/42     AC:  9    Str: 20    XL:     4   Next: 37%
Magic:  3/3        EV:  5    Int:  9    God:
Gold:   98         SH:  9    Dex: 12    Spells: 3/3 levels left

rFire    . . .     SeeInvis .   a - +0 war axe
rCold    . . .     Faith    .   c - +0 kite shield
rNeg     . . .     Spirit   .   h - +0 chain mail
rPois    .         Reflect  .   (no helmet)
rElec    .         Harm     .   (no cloak)
rCorr    .         Rampage  .   (no gloves)
Will     .....                  (no boots)
Stlth    ..........             (no amulet)
HPRegen  0.00/turn              (no ring)
MPRegen  0.08/turn              (no ring)

@: non-regenerating
A: damage resistance, heal wounds, sense surroundings 1, no regeneration
a: Heal Wounds


You were on level 3 of the Dungeon.
You visited 1 branch of the dungeon, and saw 3 of its levels.

You collected 98 gold pieces.

Inventory:

Hand Weapons
 a - a +0 war axe (weapon)
Armour
 c - a +0 kite shield (worn)
 h - a +0 chain mail (worn)
Scrolls
 b - 2 scrolls of brand weapon {unknown}
Potions
 d - a potion of might
 e - a potion of attraction
 g - 3 potions of curing
 j - a potion of lignification


   Skills:
 * Level 3.3 Fighting
 + Level 3.1 Axes
 * Level 4.4 Armour
 + Level 0.4 Dodging
 + Level 3.5 Shields


You had 3 spell levels left.
You didn't know any spells.
Your spell library contained the following spells:

 Spells                   Type           Power      Damage    Failure   Level
 Beastly Appendage        Tmut           0%         N/A       100%        1
 Corona                   Hex            0%         N/A       100%        1
 Ensorcelled Hibernation  Hex/Ice        0%         N/A       100%        2
 Wereblood                Tmut           0%         N/A       100%        2
 Confusing Touch          Hex            0%         N/A       100%        3
 Dazzling Flash           Conj/Hex       0%         N/A       100%        3
 Spider Form              Tmut/Pois      0%         N/A       100%        3
 Tukima's Dance           Hex            0%         N/A       100%        3
 Ice Form                 Ice/Tmut       0%         N/A       100%        4
 Hydra Form               Tmut           0%         N/A       100%        5


Dungeon Overview and Level Annotations

Branches:
Dungeon (3/15)

Altars:

Annotations:
D:3 Ijyb


Innate Abilities, Weirdness & Mutations

You are resistant to damage.
You can heal yourself by infusing magical energy.
You passively map a small area around you.
You do not regenerate.


Message History

The bat barely misses you. You block the bat's attack.
You completely miss the bat. You block the bat's attack. x2
You slash the bat!
You kill the bat!
No target in view!
No target in view!
No target in view!
No target in view!
No target in view!
No target in view!
No target in view!
No target in view!
f - a scroll of identify
As you read the scroll of identify, it crumbles to dust.
b - 2 scrolls of torment Drop what? 8/52 slots (_ for help) (? for menu, Esc to quit)
You drop 2 scrolls of torment.
b - 2 scrolls labelled JUCACU COETAEMIA
Found a stone staircase leading down.
Found 23 arrows.
Ijyb the Twisted Goblin comes into view.
She is wielding a +5 club and carrying a wand of mindburst (11).
Ijyb shouts!
Ijyb is nearby!
Ijyb is nearby!
Ijyb is nearby!
Ijyb is nearby!
You hit Ijyb but do no damage.
Ijyb zaps a wand.
Your mind is blasted!
Ouch! That really hurt!
* * * LOW HITPOINT WARNING * * *
You hit Ijyb.
Ijyb is moderately wounded.
Ijyb hits you with a +5 club.
* * * LOW HITPOINT WARNING * * *
You block Ijyb's attack.
You hit Ijyb but do no damage.
Ijyb is moderately wounded.
Ijyb hits you with a +5 club.
Ijyb zaps a wand.
Your mind is blasted!
Ouch! That really hurt!
You die...

...........................>.#*
#..###.#.#...###.###...........
##.# #.#.#...###.###.#######.##
#.# #.#.#...#.......# # #.#
#.#.#...#...###.#######. #..
#.#.#.............(..... ##.
#.#.#...........########*
..#.#.#...........# *,#.#
...#..@###.# * #..g# ###
......# * #.......# , ##......#
* #......# #......# * #....###


You could see Ijyb.

Vanquished Creatures
  5 adders
  An orc (D:3)
  4 ball pythons
  A bat (D:3)
  5 endoplasms
  5 giant cockroaches
  6 goblins
  5 hobgoblins
  2 jackals (D:1)
  2 quokkas
  3 kobolds
  5 rats
44 creatures vanquished.

Notes
Turn   | Place    | Note
-------+----------+-------------------------------------------
     0 | D:1      | robertstho the Deep Dwarf Fighter began the quest for the
                  | Orb.
     0 | D:1      | Reached XP level 1. HP: 20/20 MP: 1/1
   217 | D:1      | Reached XP level 2. HP: 25/27 MP: 2/2
   655 | D:2      | Found a faded altar of an unknown god.
   730 | D:2      | Reached skill level 4 in Armour
   730 | D:2      | Reached XP level 3. HP: 22/34 MP: 3/3
  1141 | D:3      | Reached XP level 4. HP: 22/42 MP: 3/3
  1404 | D:3      | Noticed Ijyb
  1408 | D:3      | Blown up by Ijyb

Illustrated notes

Levels and vault maps discovered:
D:1:      elethiomel_arrival_quiet, layout_basic
D:2:      layout_basic, basic_ecumenical_altar
D:3:      layout_basic, uniq_ijyb

Skill      XL: |  1  2  3 |
---------------+----------+-----
Fighting       | 3 |  3.3
Armour         | 4 |  4.4
Axes           | 3 |  3.1
Dodging        | |  0.4
Shields        | |  3.5

Action                   |  1- 3 |  4- 6 || total
-------------------------+-------+-------++-------
Melee: War axe           |   127 |    18 ||   145
 Abil: Heal Wounds       |     1 |     1 ||     2
  Use: Scroll            |     4 |     1 ||     5
Armor: Scale mail        |    25 |       ||    25
       Chain mail        |    52 |     8 ||    60
Dodge: Dodged            |    38 |     5 ||    43
Block: Kite shield       |    68 |    13 ||    81

Table legend: (Time is in decaauts)
 A = Elapsed time spent in this place.
 B = Non-inter-level travel time spent in this place.
 C = Inter-level travel time spent in this place.
 D = Time resting spent in this place.
 E = Time spent auto-exploring this place.
 F = Levels seen in this place.
 G = Mean time per level.
                   A        B        C        D        E       F      G
               +--------+--------+--------+--------+--------+-----+--------+
         Total |   1495 |   1369 |    126 |      0 |    973 |   3 |  498.3 |
       Dungeon |   1495 |   1369 |    126 |      0 |    973 |   3 |  498.3 |
               +--------+--------+--------+--------+--------+-----+--------+

Top non-repeatable levels by time:
     D:1: 586 daAuts
     D:2: 578 daAuts
     D:3: 330 daAuts
